 Dungeon Crawl Stone Soup version 0.18.1-48-g4cf74bf (webtiles) character file.

42 Groucho the Scratcher (level 3, -1/15 HPs)
             Began as a Felid Transmuter on July 17, 2016.
             Slain by Sigmund
             ... wielding a +0 scythe
              (10 damage)
             ... on level 2 of the Dungeon.
             The game lasted 00:02:03 (1456 turns).

Groucho the Scratcher (Felid Transmuter)            Turns: 1456, Time: 00:02:03

Health: -1/15      AC:  1    Str:  7    XL:     3   Next: 33%
Magic:  7/7        EV: 18    Int: 14    God:
Gold:   79         SH:  0    Dex: 16    Spells: 1 memorised, 5 levels left
                                        Lives:  0   Deaths: 0

rFire  . . .     SeeInvis +       - Unarmed
rCold  . . .     Gourm    .     (armour unavailable)
rNeg   . . .     Faith    .     (shield unavailable)
rPois  .         Spirit   .     (helmet unavailable)
rElec  .         Dismiss  .     (cloak unavailable)
rCorr  .         Reflect  .     (gloves unavailable)
SustAt .         Harm     .     (boots unavailable)
MR     .....                    (no amulet)
Stlth  ++........               (no ring)
                                (no ring)

@: quick, not resistant to hostile enchantments, unstealthy
A: no armour, no weapons or thrown items, claws 1, fangs 3, see invisible,
carnivore 3, speed 1, shaggy fur 1, slow metabolism 1, sharp paws
a: no special abilities


You were on level 2 of the Dungeon.
You were not hungry.

You visited 1 branch of the dungeon, and saw 2 of its levels.

You collected 79 gold pieces.

Inventory:

Missiles
 a - 33 arrows
Jewellery
 l - a +5 ring of strength {unknown}
Scrolls
 e - a scroll of amnesia {unknown}
 f - a scroll of identify {unknown}
 g - 3 scrolls of teleportation {unknown}
 j - a scroll of immolation {unknown}
 k - 2 scrolls of remove curse {unknown}
 n - 3 scrolls of magic mapping {unknown}
Potions
 h - a potion of curing
 i - a potion of cure mutation {unknown}
 m - 2 potions of lignification {unknown}
Books
 b - a book of Changes

   Spells                             Type                      Level
   a - Beastly Appendage              Transmutation                1
   b - Sticks to Snakes               Transmutation                2
   c - Spider Form                    Transmutation/Poison         3
   d - Ice Form                       Ice/Transmutation            4
   e - Blade Hands                    Transmutation                5
Comestibles
 c - 2 meat rations
 d - a slice of pizza


   Skills:
 - Level 1.0 Fighting
 - Level 2.6 Dodging
 * Level 3.7 Unarmed Combat
 + Level 2.4 Spellcasting
 + Level 2.9 Transmutations


You had 5 spell levels left.
You knew the following spells:

 Your Spells              Type           Power        Failure   Level  Hunger
a - Beastly Appendage     Trmt           #.....       10%         1    #......


Dungeon Overview and Level Annotations

Branches:
Dungeon (2/15)

Altars:
Fedhas

Annotations:
D:2 Sigmund


Innate Abilities, Weirdness & Mutations

You cannot wear armour.
You are incapable of wielding weapons or throwing items.
You have sharp claws.
You have razor-sharp teeth.
You have supernaturally acute eyesight.
You are carnivorous and can eat meat at any time.
You cover ground quickly.
You are covered in fur (AC +1).
You have a slow metabolism.
Your sharp claws are effective at attacking unaware monsters.


Message History

Sigmund is heavily wounded.
You scratch Sigmund. You bite Sigmund.
Sigmund is severely wounded.
Sigmund hits you but does no damage.
You scratch Sigmund but do no damage. You bite Sigmund.
Sigmund is severely wounded.
Sigmund hits you with a scythe!
Ouch! That really hurt!
* * * LOW HITPOINT WARNING * * *
You are too injured to fight recklessly!
You are too injured to fight recklessly!
You are too injured to fight recklessly!
You are too injured to fight recklessly!
Drink which item? (? for menu, Esc to quit)
It was a potion of curing.
You feel better.
You scratch Sigmund.
Sigmund is almost dead.
Sigmund hits you with a scythe!
Ouch! That really hurt!
You die...

#..#.#....
#..#.#.####
#..#......#
####.#.##.#
...#.#
#.####.# #
# ####.#
#.#
#....##...#
#....@@.#
+.......#
#.......#
#.......#
#.......#
#.......#
#.......#
#.......#


You could see Sigmund.

Vanquished Creatures
  An adder (D:2)
  4 giant cockroaches
  4 hobgoblins
  4 jackals (D:2)
  5 kobolds
  A ball python (D:2)
  3 bats
  A giant newt (D:1)
  2 goblins (D:1)
  6 rats
31 creatures vanquished.

Notes
Turn   | Place    | Note
--------------------------------------------------------------
     0 | D:1      | Groucho the Felid Transmuter began the quest for the Orb.
     0 | D:1      | Reached XP level 1. HP: 9/9 MP: 4/4
   316 | D:1      | Reached XP level 2. HP: 12/12 MP: 6/6
   903 | D:2      | Found a blossoming altar of Fedhas.
  1346 | D:2      | Reached XP level 3. HP: 11/15 MP: 7/7
  1444 | D:2      | Noticed Sigmund
  1456 | D:2      | Slain by Sigmund

Action                   || total
-------------------------++-------
Melee: Unarmed           ||   105
       Bite              ||     9
       Punch             ||     3
  Use: Potion            ||     1
 Stab: Sleeping          ||     4
Armor: Skin              ||     8
Dodge: Dodged            ||    84
